 Dungeon Crawl Stone Soup version 0.30-a0-620-g0e44632947 (webtiles) character file.

Game seed: 2980565553635018626

17 Citaku the Grave Robber (level 2, 0/19 HPs)
             Began as a Mummy Necromancer on Jan 9, 2023.
             Slain by a jackal (1 damage)
             ... on level 1 of the Dungeon on Jan 10, 2023.
             The game lasted 00:03:17 (693 turns).

Citaku the Grave Robber (Mummy Necromancer)          Turns: 693, Time: 00:03:17

Health: 0/19       AC:  2    Str: 11    XL:     2   Next: 44%
Magic:  6/6        EV: 12    Int: 14    God:
Gold:   91         SH:  0    Dex: 12    Spells: 6/7 levels left

rFire   x . .      SeeInvis .    c - +0 club
rCold   + . .      Faith    +    (no shield)
rNeg    + + +      Spirit   .    a - +0 robe
rPois   ∞          Reflect  .    (no helmet)
rElec   .          Harm     .    (no cloak)
rCorr   .          Rampage  .    (no gloves)
Will    .....                    (no boots)
Stlth   ++                       (no amulet)
HPRegen 0.23/turn                d - ring of flight
MPRegen 0.10/turn                (no ring)

@: flying
A: cold resistance 1, negative energy resistance 3, torment resistance 2, heat
vulnerability 1, no potions, faith
a: no special abilities


You were on level 1 of the Dungeon.
You visited 1 branch of the dungeon, and saw 1 of its levels.

You collected 91 gold pieces.

Inventory:

Hand Weapons
 c - a +0 club (weapon)
Armour
 a - a +0 robe (worn)
Jewellery
 d - a ring of flight (left hand)
Scrolls
 b - a scroll of teleportation {unknown}
Potions
 e - a potion of cancellation {unknown}


   Skills:
 + Level 1.8 Dodging
 - Level 1.5 Stealth
 * Level 3.2 Spellcasting
 * Level 4.2 Necromancy


You had 6 spell levels left.
You knew the following spells:

 Your Spells              Type           Power      Damage    Failure   Level
a - Necrotise             Necr           56%        1d6       3%          1

Your spell library contained the following spells:

 Spells                   Type           Power      Damage    Failure   Level
 Vampiric Draining        Necr           14%        2d7       11%         3
 Animate Dead             Necr           14%        N/A       34%         4
 Agony                    Necr           14%        N/A       69%         5


Dungeon Overview and Level Annotations

Branches:
Dungeon (1/15)

Altars:


Innate Abilities, Weirdness & Mutations

You are immune to poison.
Your flesh is cold resistant. (rC+)
You are immune to negative energy. (rN+++)
You are immune to unholy pain and torment.
You are vulnerable to heat. (rF-)
You do not drink.
You have a special connection with the divine. (Faith)


Message History

The plant is lightly damaged.
Your jackal skeleton bites the jackal but does no damage.
The jackal completely misses you. The hobgoblin barely misses you.
The jackal closely misses you.
Your jackal skeleton closely misses the jackal.
The jackal bites you. The hobgoblin hits you.
You hit the plant.
The plant is lightly damaged.
A nearby plant withers and dies.
The jackal splashes around in the water.
The jackal bites you but does no damage.
Your jackal skeleton bites the jackal.
The jackal barely misses you. The hobgoblin closely misses you.
The jackal splashes around in the water.
Your jackal skeleton barely misses the jackal.
The jackal bites the plant.
The plant begins to die.
The hobgoblin splashes around in the water.
The jackal bites the plant.
Your jackal skeleton splashes around in the water.
Your jackal skeleton bites the jackal.
A nearby plant withers and dies.
The jackal misses you. The jackal barely misses you.
The hobgoblin closely misses you. The jackal closely misses you.
The jackal barely misses you. The jackal bites you. The hobgoblin misses you.
The jackal bites you. The jackal closely misses you. The jackal bites you.
* * * LOW HITPOINT WARNING * * *
The hobgoblin barely misses you.
The jackal bites you but does no damage.
Your jackal skeleton barely misses the jackal.
The jackal closely misses you. The jackal barely misses you.
The hobgoblin hits you.
* * * LOW HITPOINT WARNING * * *
Your jackal skeleton closely misses the jackal.
The jackal closely misses you. The jackal bites you.
* * * LOW HITPOINT WARNING * * *
Your jackal skeleton barely misses the jackal.
The hobgoblin barely misses you. The jackal bites you.
You die...

...~~P~~~♣ #.
♣~P~..~.~~~~P♣ #.
♣~~P~..~~~~~~♣ #.
♣~~~...~~~≈~~♣ #.
♣~~...~P~≈≈P~♣ #.
♣~P~..~~~≈≈~~♣######.
♣♣~P...~~≈~~♣........
#~~..g.~~~~~.########
♣.@hZ~~~~~....#####
#...h~~~~~♣.........
#....♣~~~♣♣..#.#####
#.###~~~~♣#..#.# #.
#~~~~P#..#.# #.
##~~♣>...... #
##~#.....## ###......
#.....##


You could see 2 jackals, a hobgoblin and a friendly jackal skeleton.

Vanquished Creatures
  An endoplasm (D:1)
  A giant cockroach (D:1)
  2 goblins (D:1)
  2 hobgoblins (D:1)
  A jackal (D:1)
  3 kobolds (D:1)
  2 ball pythons (D:1)
  A bat (D:1)
  2 rats (D:1)
15 creatures vanquished.

Vanquished Creatures (collateral kills)
  A ball python (D:1)
  A rat (D:1)
2 creatures vanquished.

Vanquished Creatures (others)
  7 plants (D:1)
7 creatures vanquished.

Grand Total: 24 creatures vanquished

Notes
Turn   | Place    | Note
-------+----------+-------------------------------------------
     0 | D:1      | Citaku the Mummy Necromancer began the quest for the Orb.
     0 | D:1      | Reached XP level 1. HP: 13/13 MP: 4/4
   297 | D:1      | Reached XP level 2. HP: 19/19 MP: 1/6
   414 | D:1      | Found a faded altar of an unknown god.
   672 | D:1      | Upgraded the game from 0.30-a0-614-ge5ea1257c2 to
                  | 0.30-a0-620-g0e44632947
   693 | D:1      | Slain by a jackal

Illustrated notes

Levels and vault maps discovered:
D:1:      onia_arrival_mini_spirals, layout_loops_ring, serial_shops,
          nicolae_shop_competitors_out_of_business,
          hellmonk_ecumenical_altar_prayer_group, hex_tiny, serial_bayou_ford_a,
          st_stairs_9, minmay_misc_feat_hallway

Skill      XL: |  1 |
---------------+----+-----
Spellcasting   | 3 |  3.2
Dodging        | |  1.8
Stealth        | |  1.5
Necromancy     | |  4.2

Action                   || total
-------------------------++-------
Melee: Club              ||     5
 Cast: Necrotise         ||    30
Armor: Robe              ||     4
Dodge: Dodged            ||    30

Table legend: (Time is in decaauts)
 A = Elapsed time spent in this place.
 B = Non-inter-level travel time spent in this place.
 C = Inter-level travel time spent in this place.
 D = Time resting spent in this place.
 E = Time spent auto-exploring this place.
 F = Levels seen in this place.
 G = Mean time per level.
                   A        B        C        D        E       F      G
               +--------+--------+--------+--------+--------+-----+--------+
         Total |    693 |    693 |      0 |     13 |    383 |   1 |  693.0 |
       Dungeon |    693 |    693 |      0 |     13 |    383 |   1 |  693.0 |
               +--------+--------+--------+--------+--------+-----+--------+

Top non-repeatable levels by time:
     D:1: 693 daAuts
